 Dungeon Crawl Stone Soup version 0.29.0-10-g45618ea6d2 (webtiles) character file.

Game seed: 6230843492748176414

65 NotreDorf the Grave Robber (level 3, -2/27 HPs)
             Began as a Mummy Necromancer on Sept 1, 2022.
             Killed from afar by Crazy Yiuf (18 damage)
             ... with a puff of flame
             ... on level 2 of the Dungeon.
             The game lasted 00:06:06 (2110 turns).

NotreDorf the Grave Robber (Mummy Necromancer)      Turns: 2110, Time: 00:06:06

Health: -2/27      AC:  3    Str: 11    XL:     3   Next: 94%
Magic:  6/8        EV: 12    Int: 16    God:
Gold:   76         SH:  0    Dex: 12    Spells: 8/9 levels left

rFire   x . .      SeeInvis .   b - +2 dagger (venom)
rCold   + . .      Faith    .   (no shield)
rNeg    + + +      Spirit   .   a - +0 robe
rPois   ∞          Reflect  .   c - +0 helmet
rElec   .          Harm     .   (no cloak)
rCorr   .          Rampage  .   (no gloves)
Will    .....                   (no boots)
Stlth   ++........              (no amulet)
HPRegen 0.09/turn               (no ring)
MPRegen 0.11/turn               (no ring)

@: no status effects
A: cold resistance 1, negative energy resistance 3, torment resistance 2, heat
vulnerability 1, in touch with death 1, no potions
a: no special abilities


You were on level 2 of the Dungeon.
You visited 1 branch of the dungeon, and saw 2 of its levels.

You collected 76 gold pieces.

Inventory:

Hand Weapons
 b - a +2 dagger of venom (weapon)
Armour
 a - a +0 robe (worn)
 c - a +0 helmet (worn)
Jewellery
 h - a +6 ring of dexterity
Scrolls
 d - a scroll of butterflies {unknown}
 e - a scroll of poison {unknown}
 f - a scroll of fear {unknown}
 g - a scroll of magic mapping {unknown}


   Skills:
 + Level 1.9 Fighting
 - Level 1.5 Dodging
 - Level 1.5 Stealth
 + Level 3.7 Spellcasting
 + Level 4.5 Necromancy


You had 8 spell levels left.
You knew the following spells:

 Your Spells              Type           Power      Damage    Failure   Level
a - Necrotise             Necr           100%       1d9       2%          1

Your spell library contained the following spells:

 Spells                   Type           Power      Damage    Failure   Level
 Vampiric Draining        Necr           26%        2d7       8%          3
 Animate Dead             Necr           26%        N/A       26%         4
 Agony                    Necr           26%        N/A       58%         5


Dungeon Overview and Level Annotations

Branches:
Dungeon (2/15)

Altars:

Annotations:
D:2 Crazy Yiuf


Innate Abilities, Weirdness & Mutations

You are immune to poison.
Your flesh is cold resistant. (rC+)
You are immune to negative energy. (rN+++)
You are immune to unholy pain and torment.
You are vulnerable to heat. (rF-)
You are in touch with the powers of death.
You do not drink.


Message History

Found 4 large rocks.
You see here a grey potion.
As you open the door, it creaks loudly!
There is an open door here.
Found a hammer.
Found a runed translucent door.
As you open the door, it creaks loudly!
Crazy Yiuf shouts!
Casting: Necrotise (safe; 2% risk of failure)
Confirm with . or Enter, or press ? or * to list all spells.
Aiming: Necrotise (safe; 2% risk of failure)
Press: ? - help, Shift-Dir - straight line, f - Crazy Yiuf
Aim: Crazy Yiuf, wielding a +4 quarterstaff of chaos, wearing a +0 cloak and carrying a wand of flame (21) (chance to affect: 88%)
You feel a surge of power!
Crazy Yiuf barely resists.
Casting: Necrotise (safe; 2% risk of failure)
Confirm with . or Enter, or press ? or * to list all spells.
Aiming: Necrotise (safe; 2% risk of failure)
Press: ? - help, Shift-Dir - straight line, f/p - Crazy Yiuf
Aim: Crazy Yiuf, wielding a +4 quarterstaff of chaos, wearing a +0 cloak and carrying a wand of flame (21) (chance to affect: 88%)
You feel a surge of power!
Crazy Yiuf writhes in agony.
Casting: Necrotise (safe; 2% risk of failure)
Confirm with . or Enter, or press ? or * to list all spells.
Aiming: Necrotise (safe; 2% risk of failure)
Press: ? - help, Shift-Dir - straight line, f/p - Crazy Yiuf
Aim: Crazy Yiuf, wielding a +4 quarterstaff of chaos, wearing a +0 cloak and carrying a wand of flame (21) (lightly wounded, chance to affect: 88%)
You feel a surge of power!
Crazy Yiuf barely resists.
Crazy Yiuf completely misses you.
You hit Crazy Yiuf but do no damage.
Crazy Yiuf is poisoned.
Crazy Yiuf is lightly wounded.
Crazy Yiuf sings, "Trees, trees, trees, circus!"
Crazy Yiuf misses you.
You hit Crazy Yiuf but do no damage.
Crazy Yiuf is lightly wounded.
Crazy Yiuf zaps a wand.
The puff of flame hits you! The fire burns you terribly!
Crazy Yiuf attacks as you move away! Crazy Yiuf completely misses you.
Crazy Yiuf attacks as you move away! Crazy Yiuf barely misses you.
Crazy Yiuf zaps a wand.
The puff of flame misses you.
Crazy Yiuf zaps a wand.
The puff of flame hits you!! The fire burns you terribly!
Ouch! That really hurt!
You die...

#.# #'# .. #..... #.# #.##
#. ###'## #.###### ##.#
###.####.# #......# #.##
#........# ##...### ##.#
###..##### #...# ##g## ##.#
#...# ##...# #.###### #...#
#....# #......# #...#
#@...# ####...#
#...######....# #...#
#............## #...+
#...........###########...#
#...........# #..........##
############# #.....)....#
#..........# #.....)....+
#..........#


You could see Crazy Yiuf (poisoned).

Vanquished Creatures
  Robin (D:2)
  A worm (D:2)
  3 bats
  5 endoplasms
  3 giant cockroaches (D:2)
  7 goblins
  10 hobgoblins
  7 kobolds
  A quokka (D:1)
  A ball python (D:1)
  5 rats
44 creatures vanquished.

Vanquished Creatures (collateral kills)
  A goblin (D:2)
1 creature vanquished.

Grand Total: 45 creatures vanquished

Notes
Turn   | Place    | Note
-------+----------+-------------------------------------------
     0 | D:1      | NotreDorf the Mummy Necromancer began the quest for the
                  | Orb.
     0 | D:1      | Reached XP level 1. HP: 13/13 MP: 4/4
   363 | D:1      | Reached XP level 2. HP: 20/20 MP: 1/6
   508 | D:1      | Found a faded altar of an unknown god.
   561 | D:1      | Reached skill level 1 in Fighting
  1494 | D:2      | Noticed Robin
  1497 | D:2      | Gained mutation: You are in touch with the powers of death.
                  | [Mummy growth]
  1497 | D:2      | Reached XP level 3. HP: 26/26 MP: 4/7
  1515 | D:2      | Killed Robin
  2094 | D:2      | Found a runed translucent door.
  2095 | D:2      | Noticed Crazy Yiuf
  2110 | D:2      | Killed from afar by Crazy Yiuf

Illustrated notes

Levels and vault maps discovered:
D:1:      kennysheep_arrival_seaside, layout_loops_ring,
          hellmonk_ecumenical_altar_heavens_door
D:2:      layout_basic, uniq_crazy_yiuf_cottage, uniq_robin

Skill      XL: |  1  2 |
---------------+-------+-----
Spellcasting   | 3 |  3.7
Fighting       | 1 |  1.9
Dodging        | |  1.5
Stealth        | |  1.5
Necromancy     | |  4.5

Action                   || total
-------------------------++-------
Melee: Dagger            ||    22
 Cast: Necrotise         ||    73
Armor: Robe              ||     5
Dodge: Dodged            ||    20
